 Dungeon Crawl Stone Soup version 0.28-a0-938-gbc3f381ebc (webtiles) character file.

Game seed: 12321418782372716482

9 ytrimaz the Skirmisher (level 2, 24/25 HPs)
             Began as a Formicid Abyssal Knight on Nov 29, 2021.
             Was a Follower of Lugonu.
             Quit the game on level 1 of the Dungeon.
             The game lasted 00:00:59 (458 turns).

ytrimaz the Skirmisher (Formicid Abyssal Knight)     Turns: 458, Time: 00:00:59

Health: 24/25      AC:  5    Str: 17    XL:     2   Next: 25%
Magic:  3/3        EV: 11    Int:  4    God:    Lugonu [*.....]
Gold:   29         SH:  0    Dex: 13    Spells: 1/1 levels left

rFire   . . .      SeeInvis +   a - +1 hand axe
rCold   + . .      Faith    .   (no shield)
rNeg    . . .      Spirit   .   c - +2 leather armour of Ysufuitz {rC+ rCorr Int-5 Dex+2}
rPois   .          Reflect  .   (helmet unavailable)
rElec   .          Harm     .   (no cloak)
rCorr   +          Rampage  .   (no gloves)
Will    .....                   (no boots)
Stlth   +.........              (no amulet)
HPRegen 0.08/turn               (no ring)
MPRegen 0.08/turn               (no ring)

@: no status effects
A: permanent stasis, dig shafts and tunnels, antennae 3, four strong arms
a: Dig, Shaft Self, Renounce Religion, Depart the Abyss


You were on level 1 of the Dungeon.
You worshipped Lugonu.
Lugonu was aware of your devotion.
You visited 1 branch of the dungeon, and saw 1 of its levels.
You visited the Abyss 1 time.

You collected 29 gold pieces.

Inventory:

Hand Weapons
 a - a +1 hand axe (weapon)
Armour
 c - the +2 leather armour of Ysufuitz (worn) {rC+ rCorr Int-5 Dex+2}
   (You found it on level 2 of the Abyss)

   Int:       It affects your intelligence (-5).
   Dex:       It affects your dexterity (+2).
   rC:        It protects you from cold.
   rCorr:     It protects you from acid and corrosion.
Scrolls
 e - a scroll of torment {unknown}
Potions
 b - a potion of invisibility {unknown}
 d - 2 potions of resistance {unknown}


   Skills:
 + Level 3.7 Fighting
 + Level 2.0 Axes
 + Level 2.3 Armour
 + Level 1.0 Dodging
 + Level 2.3 Invocations


You had one spell level left.
You didn't know any spells.
Your spell library was empty.

Dungeon Overview and Level Annotations

Branches:
Dungeon (1/15)

Altars:


Innate Abilities, Weirdness & Mutations

You cannot be hasted, slowed, berserked, paralysed or teleported.
You can dig through walls and to a lower floor.
You have a pair of large antennae on your head. (SInv)
Your four strong arms can wield two-handed weapons with a shield.


Message History

You have reached level 2!
Found 14 stones.
You sense a monster nearby.
You sense a monster nearby.
An endoplasm comes into view.
A kobold comes into view. It is wielding a +0 whip.
Found a stone staircase leading down.
The endoplasm quivers.
The kobold shouts!
You hit the endoplasm.
The endoplasm is almost dead.
The endoplasm hits you. The endoplasm barely misses you.
You completely miss the endoplasm.
The endoplasm is almost dead.
The endoplasm hits you but does no damage.
A dart slug comes into view.
You hit the endoplasm.
You kill the endoplasm!
Lugonu accepts your kill.
You barely miss the kobold. The kobold hits you but does no damage.
You hit the kobold.
The kobold is moderately wounded.
The kobold hits you but does no damage.
You closely miss the kobold.
The kobold is moderately wounded.
The kobold hits you but does no damage.
You closely miss the kobold.
The kobold is moderately wounded.
The kobold hits you with a +0 whip. The kobold hits you but does no damage.
You hit the kobold.
You kill the kobold!
Lugonu accepts your kill. The dart slug launches a dart at you.
The slug dart misses you.
The dart slug bites you but does no damage.
You see here a +0 whip.
You slash the dart slug!
The dart slug is almost dead.
The dart slug completely misses you.
Are you sure you want to abandon this character and quit the game? (Confirm with "yes".)

#.# #.# #.# ###
#.# ..#
#.######### #>#
#.........# #.#
#########.# #.#
#.# #w# #.#
##@###.### #.#
#.........
#.####..#######
#.......#
#######.# #.#
#.. ####


You could see a dart slug.

Vanquished Creatures
  A ball python (D:1)
  An endoplasm (D:1)
  2 goblins (D:1)
  A quokka (D:1)
  2 kobolds (D:1)
  A rat (D:1)
8 creatures vanquished.

Vanquished Creatures (others)
  A starspawn tentacle (Abyss:3)
1 creature vanquished.

Grand Total: 9 creatures vanquished

Notes
Turn   | Place    | Note
-------+----------+-------------------------------------------
     0 | Abyss:1  | ytrimaz the Formicid Abyssal Knight began the quest for the
                  | Orb.
     0 | Abyss:1  | Reached XP level 1. HP: 18/18 MP: 2/2
    25 | Abyss:2  | Identified the +2 leather armour of Ysufuitz {rC+ rCorr
                  | Int-5 Dex+2}
    55 | Abyss:3  | Noticed an ancient zyme
    79 | Abyss:3  | Noticed a starcursed mass
    79 | Abyss:3  | Noticed a tentacled starspawn
    87 | D:1      | Escaped the Abyss
   353 | D:1      | Reached skill level 1 in Dodging
   414 | D:1      | Reached * piety under Lugonu
   415 | D:1      | Reached XP level 2. HP: 25/25 MP: 3/3
   458 | D:1      | Quit the game

Illustrated notes

Levels and vault maps discovered:
D:1:      amcnicky_arrival_blooded_trapdoor, layout_loops_ring,
          chequers_serial_rivers_micro_e, minmay_misc_feat_five

Skill      XL: |  1 |
---------------+----+-----
Dodging        | 1 |  1.0
Fighting       | |  3.7
Axes           | |  2.0
Armour         | |  2.3
Invocations    | |  2.3

Action                   || total
-------------------------++-------
Melee: Hand axe          ||    18
Invok: Depart the Abyss  ||     1
  Use: Scroll            ||     1
Armor: Leather armour    ||    10
Dodge: Dodged            ||     8

Table legend: (Time is in decaauts)
 A = Elapsed time spent in this place.
 B = Non-inter-level travel time spent in this place.
 C = Inter-level travel time spent in this place.
 D = Time resting spent in this place.
 E = Time spent auto-exploring this place.
 F = Levels seen in this place.
 G = Mean time per level.
                   A        B        C        D        E       F      G
               +--------+--------+--------+--------+--------+-----+--------+
         Total |    460 |    460 |      0 |     84 |    231 |   4 |  115.0 |
       Dungeon |    374 |    374 |      0 |     84 |    212 |   1 |  374.0 |
         Abyss |     86 |     86 |      0 |      0 |     19 |   3 |   28.7 |
               +--------+--------+--------+--------+--------+-----+--------+

Top non-repeatable levels by time:
     D:1: 374 daAuts
 Abyss:3: 46 daAuts
 Abyss:2: 21 daAuts
 Abyss:1: 18 daAuts
